| TOP OF THE 1ST |
|
Frisco RoughRiders batting - Pitching for Northwest Arkansas Naturals : RHP Brett Essary
|
|
Pitching: RHP Brett Essary
|
|
|
Batting: LHB Yoshinari Nara
|
0-0: Ball 1-0: Ball 2-0: Ball 3-0: Called Strike 3-1: Base on Balls
|
|
Batting: RHB Dermott Neill
|
0-0: Called Strike 0-1: Swinging Strike 0-2: Ball 1-2: Ball 2-2: Foul Ball, location: 2F 2-2: Foul Ball, location: 2F 2-2: Strikes out swinging
|
|
Batting: RHB Josh Whitmore
|
0-0: Ball 1-0: Foul Ball, location: 2F 1-1: Ball 2-1: Foul Ball, location: 2F 2-2: Foul Ball, location: 2F 2-2: Ball 3-2: Fielders Choice at 2nd, 6-4 (Groundball, 6, EV 96.2 MPH)
|
|
Batting: RHB Danny Odom
|
0-0: Called Strike Josh Whitmore steals 2nd base 0-1: Swinging Strike 0-2: Ball 1-2: Foul Ball, location: 2F 1-2: Ball 2-2: Foul Ball, location: 2F 2-2: Foul Ball, location: 2F 2-2: Ball 3-2: Base on Balls
|
|
Batting: RHB Danny Weisse
|
0-0: Ball 1-0: Foul Ball, location: 2F 1-1: Ball 2-1: Ball 3-1: Fly out, F9 (Line Drive, 9, EV 94.4 MPH)
|
| Top of the 1st over - 0 runs, 0 hits, 0 errors, 2 left on base; Frisco 0 - Northwest Arkansas 0 |
| BOTTOM OF THE 1ST |
|
Northwest Arkansas Naturals batting - Pitching for Frisco RoughRiders : RHP Andy Zecher
|
|
Pitching: RHP Andy Zecher
|
|
|
Batting: LHB Edgar Ortiz
|
0-0: Ground out 4-3 (Groundball, 4M, EV 82.5 MPH)
|
|
Batting: RHB Kevin Allen
|
0-0: Ball 1-0: Called Strike 1-1: Fly out, F8 (Flyball, 78D, EV 93.1 MPH)
|
|
Batting: LHB Pablo Serrato
|
0-0: SINGLE (Groundball, 56D, EV 111.2 MPH)
|
|
Batting: RHB Nick Julien
|
0-0: Called Strike 0-1: Swinging Strike 0-2: Strikes out looking
|
| Bottom of the 1st over - 0 runs, 1 hit, 0 errors, 1 left on base; Frisco 0 - Northwest Arkansas 0 |
| TOP OF THE 2ND |
|
Frisco RoughRiders batting - Pitching for Northwest Arkansas Naturals : RHP Brett Essary
|
|
Batting: LHB Joseph Martin
|
0-0: Ball 1-0: Ball 2-0: Ball 3-0: Base on Balls
|
|
Batting: RHB Danny Murillo
|
0-0: Grounds into double play, 4-6-3 (Groundball, 4, EV 83.1 MPH)
|
|
Batting: RHB Darnell Jones
|
0-0: Called Strike 0-1: Ball 1-1: Ball 2-1: Called Strike 2-2: Foul Ball, location: 2F 2-2: Ball 3-2: Foul Ball, location: 2F 3-2: Foul Ball, location: 2F 3-2: Strikes out swinging
|
| Top of the 2nd over - 0 runs, 0 hits, 0 errors, 0 left on base; Frisco 0 - Northwest Arkansas 0 |
| BOTTOM OF THE 2ND |
|
Northwest Arkansas Naturals batting - Pitching for Frisco RoughRiders : RHP Andy Zecher
|
|
Batting: SHB Bill Ertl
|
0-0: Called Strike 0-1: Ball 1-1: Called Strike 1-2: Strikes out swinging
|
|
Batting: RHB Edwin Ramos
|
0-0: Called Strike 0-1: Ball 1-1: Ball 2-1: Foul Ball, location: 2F 2-2: Strikes out swinging, 2-3 out at first.
|
|
Batting: SHB Mike Williams
|
0-0: Ball 1-0: Ball 2-0: Swinging Strike 2-1: Foul Ball, location: 2F 2-2: Strikes out swinging
|
| Bottom of the 2nd over - 0 runs, 0 hits, 0 errors, 0 left on base; Frisco 0 - Northwest Arkansas 0 |
| TOP OF THE 3RD |
|
Frisco RoughRiders batting - Pitching for Northwest Arkansas Naturals : RHP Brett Essary
|
|
Batting: RHB Rich Thurman
|
0-0: Ball 1-0: Ball 2-0: Ball 3-0: Base on Balls
|
|
Batting: LHB Yoshinari Nara
|
0-0: Ball 1-0: Ball 2-0: Ball 3-0: Base on Balls Rich Thurman to second
|
|
Batting: RHB Dermott Neill
|
0-0: Ball 1-0: Foul Ball, location: 2F 1-1: Ball Wild Pitch! Rich Thurman to third Yoshinari Nara to second 2-1: Ball 3-1: Base on Balls
|
|
Batting: RHB Josh Whitmore
|
0-0: Called Strike 0-1: Called Strike 0-2: Strikes out looking
|
|
Batting: RHB Danny Odom
|
0-0: Ball 1-0: Called Strike 1-1: Swinging Strike 1-2: Strikes out swinging
|
|
Batting: RHB Danny Weisse
|
0-0: Ball 1-0: Ball 2-0: Called Strike 2-1: Fly out, F9 (Flyball, 89S, EV 93.1 MPH)
|
| Top of the 3rd over - 0 runs, 0 hits, 0 errors, 3 left on base; Frisco 0 - Northwest Arkansas 0 |
| BOTTOM OF THE 3RD |
|
Northwest Arkansas Naturals batting - Pitching for Frisco RoughRiders : RHP Andy Zecher
|
|
Batting: LHB Danny Pacheco
|
0-0: Foul Ball, location: 2F 0-1: Fly out, F9 (Flyball, 89S, EV 94.4 MPH)
|
|
Batting: RHB Vance Coen
|
0-0: Ball 1-0: Called Strike 1-1: Ball 2-1: Ground out 6-3 (Groundball, 6, EV 104.4 MPH)
|
|
Batting: LHB Edgar Ortiz
|
0-0: Ball 1-0: Called Strike 1-1: Called Strike 1-2: Ground out 4-3 (Groundball, 4, EV 84.4 MPH)
|
| Bottom of the 3rd over - 0 runs, 0 hits, 0 errors, 0 left on base; Frisco 0 - Northwest Arkansas 0 |
| TOP OF THE 4TH |
|
Frisco RoughRiders batting - Pitching for Northwest Arkansas Naturals : RHP Brett Essary
|
|
Batting: LHB Joseph Martin
|
0-0: Called Strike 0-1: Ball 1-1: Swinging Strike 1-2: Ball 2-2: Strikes out swinging
|
|
Batting: RHB Danny Murillo
|
0-0: Ball 1-0: Ball 2-0: Swinging Strike 2-1: Foul Ball, location: 2F 2-2: Strikes out swinging
|
|
Batting: RHB Darnell Jones
|
0-0: Ball 1-0: DOUBLE (Line Drive, 9LM, EV 90.6 MPH)
|
|
Batting: RHB Rich Thurman
|
0-0: Ball 1-0: SINGLE (Line Drive, 89M, EV 96.2 MPH) Darnell Jones to third Runner from 3rd tries for Home, SAFE, throw by CF to home Rich Thurman to second
|
|
Pitching: RHP Justin Potts
|
|
|
Batting: LHB Yoshinari Nara
|
0-0: Ball 1-0: Ball 2-0: Called Strike 2-1: Ball Wild Pitch! Rich Thurman to third 3-1: Base on Balls
|
|
Batting: RHB Dermott Neill
|
0-0: Called Strike 0-1: Ball 1-1: Ball 2-1: Ball Yoshinari Nara steals 2nd base 3-1: Swinging Strike 3-2: Strikes out swinging
|
| Top of the 4th over - 1 run, 2 hits, 0 errors, 2 left on base; Frisco 1 - Northwest Arkansas 0 |
| BOTTOM OF THE 4TH |
|
Northwest Arkansas Naturals batting - Pitching for Frisco RoughRiders : RHP Andy Zecher
|
|
Batting: RHB Kevin Allen
|
0-0: Ball 1-0: Ball 2-0: Called Strike 2-1: Ball 3-1: Base on Balls
|
|
Batting: LHB Pablo Serrato
|
0-0: Ball 1-0: SINGLE (Line Drive, 8LS, EV 103.1 MPH) Kevin Allen to second
|
|
Batting: RHB Nick Julien
|
0-0: Called Strike 0-1: Ball 1-1: Foul Ball, location: 2F 1-2: Fly out, F9 (Flyball, 9LS, EV 76.9 MPH)
|
|
Batting: SHB Bill Ertl
|
0-0: Ground out 4-3 (Groundball, 4S, EV 63.1 MPH) Kevin Allen to third Pablo Serrato to second
|
|
Batting: RHB Edwin Ramos
|
0-0: Called Strike 0-1: Foul Ball, location: 2F 0-2: Ball 1-2: Strikes out swinging
|
| Bottom of the 4th over - 0 runs, 1 hit, 0 errors, 2 left on base; Frisco 1 - Northwest Arkansas 0 |
| TOP OF THE 5TH |
|
Frisco RoughRiders batting - Pitching for Northwest Arkansas Naturals : RHP Justin Potts
|
|
Batting: RHB Josh Whitmore
|
0-0: Foul Ball, location: 2F 0-1: Foul Ball, location: 2F 0-2: Ball 1-2: Ball 2-2: Ball 3-2: Base on Balls
|
|
Pinch Hitting: LHB Jim Pankratz
|
0-0: Ball Josh Whitmore steals 2nd base 1-0: Foul Ball, location: 2F 1-1: Swinging Strike 1-2: Strikes out looking
|
|
Batting: RHB Danny Weisse
|
0-0: SINGLE (Line Drive, 8LS, EV 91.2 MPH) Josh Whitmore to third
|
|
Batting: LHB Joseph Martin
|
0-0: Called Strike Danny Weisse steals 2nd base 0-1: Ball 1-1: Called Strike 1-2: Ball 2-2: Ball 3-2: Base on Balls
|
|
Batting: RHB Danny Murillo
|
0-0: Ball 1-0: Ball 2-0: Foul Ball, location: 2F 2-1: Hit by Pitch Josh Whitmore scores Danny Weisse to third Joseph Martin to second
|
|
Batting: RHB Darnell Jones
|
0-0: Ball 1-0: Called Strike 1-1: Swinging Strike 1-2: Foul Ball, location: 2F 1-2: Strikes out swinging
|
|
Pitching: RHP Alex Sanders
|
|
|
Pinch Hitting: LHB Alfonso Collazo
|
0-0: Ball 1-0: Ball 2-0: Ground out 4-3 (Groundball, 4, EV 107.5 MPH)
|
| Top of the 5th over - 1 run, 1 hit, 0 errors, 3 left on base; Frisco 2 - Northwest Arkansas 0 |
| BOTTOM OF THE 5TH |
|
Northwest Arkansas Naturals batting - Pitching for Frisco RoughRiders : RHP Andy Zecher
|
|
Now at 1B: Jim Pankratz
|
|
|
Now at 2B: Josh Whitmore
|
|
|
Now at 3B: Shoh Tanioka
|
|
|
Batting: SHB Mike Williams
|
0-0: Ball 1-0: Called Strike 1-1: SINGLE (Groundball, 6M, EV 88.8 MPH) (infield hit)
|
|
Batting: LHB Danny Pacheco
|
0-0: Called Strike 0-1: Ball 1-1: Ball 2-1: Foul Ball, location: 2F 2-2: Ball Wild Pitch! Mike Williams to second 3-2: Base on Balls
|
|
Batting: RHB Vance Coen
|
0-0: Grounds into double play, 5-4-3 (Groundball, 56S, EV 81.9 MPH) Mike Williams to third
|
|
Batting: LHB Edgar Ortiz
|
0-0: Foul Ball, location: 2F 0-1: Foul Ball, location: 2F 0-2: Ball 1-2: Ball 2-2: Foul Ball, location: 2F 2-2: Foul Ball, location: 2F 2-2: Ball 3-2: Foul Ball, location: 2F 3-2: Base on Balls
|
|
Batting: RHB Kevin Allen
|
0-0: Ball 1-0: Fly out, F4 (Popup, 34, EV 57.5 MPH)
|
| Bottom of the 5th over - 0 runs, 1 hit, 0 errors, 2 left on base; Frisco 2 - Northwest Arkansas 0 |
| TOP OF THE 6TH |
|
Frisco RoughRiders batting - Pitching for Northwest Arkansas Naturals : RHP Alex Sanders
|
|
Batting: LHB Yoshinari Nara
|
0-0: Ground out 6-3 (Groundball, 6M, EV 107.5 MPH)
|
|
Batting: RHB Dermott Neill
|
0-0: Foul Ball, location: 2F 0-1: Ball 1-1: Swinging Strike 1-2: Ball 2-2: Foul Ball, location: 2F 2-2: Ball 3-2: Foul Ball, location: 2F 3-2: SINGLE (Line Drive, 7S, EV 112.5 MPH)
|
|
Batting: RHB Josh Whitmore
|
0-0: Called Strike 0-1: Foul Ball, location: 2F 0-2: Ball 1-2: Strikes out swinging
|
|
Batting: LHB Jim Pankratz
|
0-0: Ball 1-0: Ball 2-0: Called Strike 2-1: Ball 3-1: Base on Balls Dermott Neill to second
|
|
Batting: RHB Danny Weisse
|
0-0: Ball 1-0: Foul Ball, location: 2F 1-1: Fly out, F9 (Flyball, 9, EV 78.1 MPH)
|
| Top of the 6th over - 0 runs, 1 hit, 0 errors, 2 left on base; Frisco 2 - Northwest Arkansas 0 |
| BOTTOM OF THE 6TH |
|
Northwest Arkansas Naturals batting - Pitching for Frisco RoughRiders : RHP Andy Zecher
|
|
Batting: LHB Pablo Serrato
|
0-0: Ball 1-0: Ball 2-0: Called Strike 2-1: Foul Ball, location: 2F 2-2: Foul Ball, location: 2F 2-2: Strikes out swinging
|
|
Batting: RHB Nick Julien
|
0-0: DOUBLE (Line Drive, 5D, EV 99.4 MPH)
|
|
Batting: SHB Bill Ertl
|
0-0: Swinging Strike 0-1: Called Strike 0-2: Ball 1-2: Ball 2-2: Ball 3-2: Fly out, F8 (Flyball, 8RM, EV 91.2 MPH)
|
|
Batting: RHB Edwin Ramos
|
0-0: Ball 1-0: Fly out, F7 (Line Drive, 78M, EV 109.4 MPH)
|
| Bottom of the 6th over - 0 runs, 1 hit, 0 errors, 1 left on base; Frisco 2 - Northwest Arkansas 0 |
| TOP OF THE 7TH |
|
Frisco RoughRiders batting - Pitching for Northwest Arkansas Naturals : RHP Alex Sanders
|
|
Pitching: RHP Jason Meade
|
|
|
Batting: LHB Joseph Martin
|
0-0: Swinging Strike 0-1: Called Strike 0-2: Ball 1-2: Strikes out looking
|
|
Batting: RHB Danny Murillo
|
0-0: Foul Ball, location: 2F 0-1: Swinging Strike 0-2: SINGLE (Groundball, 56, EV 96.2 MPH)
|
|
Batting: RHB Darnell Jones
|
0-0: Ball Danny Murillo steals 2nd base 1-0: Foul Ball, location: 2F 1-1: Swinging Strike 1-2: Ball Wild Pitch! Danny Murillo to third 2-2: Ground out U3 (Groundball, 3L, EV 83.1 MPH)
|
|
Batting: RHB Shoh Tanioka
|
0-0: Ball 1-0: Swinging Strike 1-1: Swinging Strike 1-2: Ground out 6-3 (Groundball, 6, EV 83.8 MPH)
|
| Top of the 7th over - 0 runs, 1 hit, 0 errors, 1 left on base; Frisco 2 - Northwest Arkansas 0 |
| BOTTOM OF THE 7TH |
|
Northwest Arkansas Naturals batting - Pitching for Frisco RoughRiders : RHP Andy Zecher
|
|
Now at 1B: Josh Whitmore
|
|
|
Now at 2B: Quido van Erp
|
|
|
Now in RF: Dale Aubrey
|
|
|
Batting: SHB Mike Williams
|
0-0: TRIPLE (Groundball, 3L, EV 102.5 MPH)
|
|
Batting: LHB Danny Pacheco
|
0-0: Called Strike 0-1: Fly out, F7 (Flyball, 7D, EV 88.8 MPH) Runner from 3rd tags up, SCORES, no throw by LF
|
|
Batting: RHB Vance Coen
|
0-0: Foul Ball, location: 2F 0-1: Ball 1-1: Ball 2-1: Foul Ball, location: 2F 2-2: Foul Ball, location: 2F 2-2: Foul Ball, location: 2F 2-2: Ground out 4-3 (Groundball, 4, EV 80.0 MPH)
|
|
Batting: LHB Edgar Ortiz
|
0-0: Ball 1-0: Ball 2-0: Called Strike 2-1: Foul Ball, location: 2F 2-2: Ball 3-2: Base on Balls
|
|
Batting: RHB Kevin Allen
|
0-0: Ball 1-0: Called Strike 1-1: SINGLE (Groundball, 4S, EV 75.0 MPH) (infield hit) Edgar Ortiz to second
|
|
Batting: LHB Pablo Serrato
|
0-0: Ball 1-0: Ball 2-0: Ball 3-0: Called Strike 3-1: Fly out, F9 (Line Drive, 9S, EV 94.4 MPH)
|
| Bottom of the 7th over - 1 run, 2 hits, 0 errors, 2 left on base; Frisco 2 - Northwest Arkansas 1 |
| TOP OF THE 8TH |
|
Frisco RoughRiders batting - Pitching for Northwest Arkansas Naturals : RHP Jason Meade
|
|
Pitching: RHP Gary Ackerman
|
|
|
Batting: LHB Yoshinari Nara
|
0-0: Ball 1-0: Called Strike 1-1: Ball 2-1: Ball 3-1: Foul Ball, location: 2F 3-2: Ground out 4-3 (Groundball, 4M, EV 83.1 MPH)
|
|
Batting: LHB Brian Gray
|
0-0: Swinging Strike 0-1: Ball 1-1: Ball 2-1: Foul Ball, location: 2F 2-2: Ball 3-2: SINGLE (Groundball, 5S, EV 71.2 MPH) (infield hit)
|
|
Batting: RHB Josh Whitmore
|
0-0: Ball 1-0: Called Strike 1-1: Ball 2-1: Ball 3-1: Base on Balls Brian Gray to second
|
|
Batting: SHB Quido van Erp
|
0-0: Called Strike 0-1: Called Strike 0-2: Ball 1-2: Ball 2-2: Ball 3-2: Grounds into double play, 6-4-3 (Groundball, 6, EV 85.6 MPH)
|
| Top of the 8th over - 0 runs, 1 hit, 0 errors, 1 left on base; Frisco 2 - Northwest Arkansas 1 |
| BOTTOM OF THE 8TH |
|
Northwest Arkansas Naturals batting - Pitching for Frisco RoughRiders : RHP Andy Zecher
|
|
Now at 2B: Eduardo Chavez
|
|
|
Batting: RHB Nick Julien
|
0-0: Called Strike 0-1: Swinging Strike 0-2: Strikes out swinging
|
|
Batting: SHB Bill Ertl
|
0-0: Foul Ball, location: 2F 0-1: Ball 1-1: Ball 2-1: Ball 3-1: Swinging Strike 3-2: Foul Ball, location: 2F 3-2: Strikes out looking
|
|
Batting: RHB Edwin Ramos
|
0-0: Fly out, F4 (Popup, 4, EV 70.6 MPH)
|
| Bottom of the 8th over - 0 runs, 0 hits, 0 errors, 0 left on base; Frisco 2 - Northwest Arkansas 1 |
| TOP OF THE 9TH |
|
Frisco RoughRiders batting - Pitching for Northwest Arkansas Naturals : RHP Gary Ackerman
|
|
Pitching: RHP Jon Griffin
|
|
|
Pinch Hitting: LHB Gabriel Graves
|
0-0: Called Strike 0-1: Swinging Strike 0-2: Ball 1-2: Foul Ball, location: 2F 1-2: SINGLE (Line Drive, 9LM, EV 100.6 MPH)
|
|
Batting: LHB Joseph Martin
|
0-0: Bunt missed! 0-1: Ball 1-1: Ball 2-1: Ball 3-1: Bunt missed! 3-2: Fly out, F8 (Flyball, 8RD, EV 98.1 MPH)
|
|
Batting: RHB Dale Aubrey
|
0-0: Called Strike Gabriel Graves steals 2nd base 0-1: Ball 1-1: Called Strike Gabriel Graves steals 3rd base 1-2: Ball 2-2: Ball 3-2: DOUBLE (Line Drive, 78D, EV 106.2 MPH) Gabriel Graves scores
|
|
Pitching: RHP John Barnett
|
|
|
Batting: RHB Darnell Jones
|
0-0: Ball 1-0: Ground out 6-3 (Groundball, 56, EV 83.1 MPH)
|
|
Pinch Hitting: LHB Nick Foutz
|
0-0: SINGLE (Groundball, 34D, EV 95.0 MPH) Dale Aubrey to third Runner from 3rd tries for Home, SAFE, throw by RF to home
|
|
Batting: LHB Yoshinari Nara
|
0-0: Foul Ball, location: 2F 0-1: Fly out, F8 (Flyball, 8LM, EV 95.6 MPH)
|
| Top of the 9th over - 2 runs, 3 hits, 0 errors, 1 left on base; Frisco 4 - Northwest Arkansas 1 |
| BOTTOM OF THE 9TH |
|
Northwest Arkansas Naturals batting - Pitching for Frisco RoughRiders : RHP Andy Zecher
|
|
Pitching: RHP Tom Jensen
|
|
|
Now at 2B: Gabriel Graves
|
|
|
Now at 3B: Eduardo Chavez
|
|
|
Now in LF: Nick Foutz
|
|
|
Now in CF: Dale Aubrey
|
|
|
Now in RF: Yoshinari Nara
|
|
|
Batting: SHB Mike Williams
|
0-0: Fly out, F9 (Line Drive, 89M, EV 97.5 MPH)
|
|
Batting: LHB Danny Pacheco
|
0-0: Ball 1-0: Ball 2-0: Foul Ball, location: 2F 2-1: Ball 3-1: Called Strike 3-2: Ground out U3 (Groundball, 34, EV 81.2 MPH)
|
|
Batting: RHB Vance Coen
|
0-0: Ball 1-0: Foul Ball, location: 2F 1-1: Ball 2-1: Swinging Strike 2-2: Ball 3-2: Strikes out swinging
|
| Bottom of the 9th over - 0 runs, 0 hits, 0 errors, 0 left on base; Frisco 4 - Northwest Arkansas 1 |
|